Map: Moonlight Madness LE (Void)

Players

Matiz - Winner!

  • Race: Zerg Zerg
  • League: Master

CoraZ

  • Race: Zerg Zerg
  • League: Gold

Event: Lycan League Weekly August #2

VOD

Have the link to the VOD?

Description

Time

  • Played on: Aug. 10, 2015, 12:14 p.m.
  • Length: 4:28

All games in this series

Show
View Real Time Build Order
Export as new Build Order

Matiz Zerg - Winner!

Build Orders: Pool First, Zergling Baneling 

Get SALT Encoding   

  12  0:02  Drone  
  13  0:14  Overlord  
  13  0:17  Drone  
  14  0:22  Extractor  
  14  0:23  Drone  
  15  0:33  Drone  
  16  0:37  Drone  
  17  0:46  Spawning Pool  
  17  0:49  Drone  
  17  0:59  Drone  
  17  1:01  Extractor  
  17  1:09  Drone  
  18  1:22  Hatchery  
  17  1:27  Drone  
  18  1:33  Queen  
  18  1:38  Drone  
  21  1:45  Overlord  
  21  1:53  Zergling x2  
  22  2:05  Metabolic Boost  
  22  2:07  Drone  
  23  2:09  Queen  
  25  2:17  Drone  
  26  2:26  Overlord  
  26  2:29  Baneling Nest  
  25  2:41  Zergling x4  
  27  2:44  Zergling x8  
  30  2:53  Zergling x4  
  32  3:01  Zergling x4  
  34  3:12  Baneling  
  34  3:16  Zergling x8  
  34  3:17  Zergling x4  
  40  3:21  Zergling x4  
  41  3:35  Zergling x4  
  41  3:37  Baneling x4  
  41  3:38  Baneling  
  43  3:44  Overlord, Baneling x2  
  37  4:05  Zergling x12  
Show
View Real Time Build Order
Export as new Build Order

CoraZ Zerg 

Build Orders: Pool First 

Get SALT Encoding   

  12  0:04  Drone  
  13  0:09  Drone  
  14  0:16  Extractor  
  14  0:17  Drone  
  15  0:22  Overlord  
  15  0:42  Drone x2  
  17  0:45  Extractor  
  17  0:48  Spawning Pool  
  15  0:52  Drone  
  16  0:58  Drone  
  17  1:09  Drone  
  18  1:21  Overlord  
  18  1:32  Drone  
  19  1:36  Queen  
  21  1:45  Metabolic Boost  
  21  1:50  Evolution Chamber  
  21  1:53  Zergling x2  
  21  1:58  Drone  
  22  2:06  Hatchery  
  21  2:13  Overlord  
  21  2:23  Zerg Melee Weapons Level 1  
  21  2:28  Zergling x2  
  21  2:29  Zergling x2  
  22  2:43  Zergling x2  
  23  2:48  Queen  
  23  2:49  Zergling x4  
  23  2:50  Zergling x2  
  28  2:59  Zergling x4  
  30  3:06  Zergling x2  
  31  3:13  Baneling Nest, Zergling x2  
  31  3:22  Zergling x2  
  32  3:32  Zergling x4  
  30  3:38  Zergling x2  
  31  3:46  Zergling x4  
  30  3:50  Zergling x8  
  28  4:07  Zergling x10  

Tags
 
Add a new tag
Caveats
  • Supply blocks, unpowered buildings, or Contaminate may cause inaccurate times.
  • Supply counts are checked every 10 seconds.